 Dungeon Crawl Stone Soup version 0.28-a0-664-gc179e30c89 (webtiles) character file.

Game seed: 12388947184950030580

87 kipponium the Cudgeller (level 4, -2/52 HPs)
             Began as a Demonspawn Berserker on Oct 16, 2021.
             Was a Believer of Trog.
             Succumbed to a kobold's poison
             ... on level 3 of the Dungeon.
             The game lasted 00:03:01 (2040 turns).

kipponium the Cudgeller (Demonspawn Berserker)      Turns: 2040, Time: 00:03:02

Health: -2/52      AC:  2    Str: 19    XL:     4   Next: 28%
Magic:  4/4        EV: 12    Int:  8    God:    Trog [**....]
Gold:   48         SH:  0    Dex: 12    Spells: 3/3 levels left

rFire   . . .      SeeInvis .   a - +0 mace
rCold   . . .      Faith    .   (no shield)
rNeg    . . .      Spirit   .   b - +0 animal skin
rPois   .          Reflect  .   (no helmet)
rElec   .          Harm     .   (no cloak)
rCorr   .          Rampage  .   (no gloves)
Will    .....                   (no boots)
Stlth   ..........              (no amulet)
HPRegen 0.17/turn               (no ring)
MPRegen 0.09/turn               (no ring)

@: berserking, lethally poisoned (-2 -> -21), very quick
A: demonic magic 1, weakness stinger 1
a: Renounce Religion, Berserk, Trog's Hand


You were on level 3 of the Dungeon.
You worshipped Trog.
Trog was pleased with you.
You visited 1 branch of the dungeon, and saw 3 of its levels.

You collected 48 gold pieces.

Inventory:

Hand Weapons
 a - a +0 mace (weapon)
Armour
 b - a +0 animal skin (worn)
Scrolls
 d - a scroll of fear {unknown}
 e - a scroll of brand weapon {unknown}
 i - 4 scrolls of amnesia {unknown}
Potions
 c - a potion of lignification {unknown}
 f - a potion of flight {unknown}
 g - a potion of might {unknown}
 h - a potion of curing {unknown}
 j - 2 potions of haste {unknown}


   Skills:
 - Level 3.0 Fighting
 * Level 4.7 Maces & Flails
 - Level 1.7 Armour
 - Level 1.7 Dodging


You had 3 spell levels left.
You didn't know any spells.
Your spell library was empty.

Dungeon Overview and Level Annotations

Branches:
Dungeon (2/15)

Altars:


Innate Abilities, Weirdness & Mutations

Spells you cast may paralyse adjacent enemies.
You have a small tail.


Message History

The goblin is moderately wounded.
You feel very sick. The kobold hits you but does no damage.
You are more poisoned.
The goblin barely misses you. The frilled lizard barely misses you.
The goblin closely misses you.
The kobold hits you with a +1 dagger of venom.
You are lethally poisoned!
The goblin hits you with a +0 club.
A red film seems to cover your vision as you go berserk!
You feel yourself moving faster!
You feel mighty!
You feel very sick. The frilled lizard bites you. The goblin barely misses you.
The kobold closely misses you. The goblin hits you with a +0 club.
You barely miss the goblin. You tail-slap the goblin.
You kill the goblin!
Trog accepts your kill.
* * * LOW HITPOINT WARNING * * *
You feel very sick.
The frilled lizard bites you but does no damage.
You thump the goblin!
You feel the power of Trog in you as your rage grows.
You kill the goblin!
Trog accepts your kill.
* * * LOW HITPOINT WARNING * * *
You feel very sick. The kobold closely misses you.
The frilled lizard bites you but does no damage.
You barely miss the kobold.
* * * LOW HITPOINT WARNING * * *
You feel very sick.
The kobold hits you with a +1 dagger of venom.
* * * LOW HITPOINT WARNING * * *
You are more poisoned.
The frilled lizard bites you.
* * * LOW HITPOINT WARNING * * *
You hit the kobold.
You kill the kobold!
Trog accepts your kill.
You die...

##......†.......#
###.......)...#
####..........†..#
###................#
...>#...#..........#
..............######
..........##..#
......))..##..#
......)@l.#...#
.........#....#
...#.........## ##
##.###.#..# #.
.#...# #. ###.## #
.#


You could see a frilled lizard.

Vanquished Creatures
  3 adders (D:2)
  2 dart slugs
  7 ball pythons
  5 endoplasms
  3 giant cockroaches
  6 hobgoblins (D:1)
  3 jackals (D:1)
  5 kobolds
  3 quokkas
  4 bats
  4 frilled lizards
  3 goblins
  4 rats
52 creatures vanquished.

Notes
Turn   | Place    | Note
-------+----------+-------------------------------------------
     0 | D:1      | kipponium the Demonspawn Berserker began the quest for the
                  | Orb.
     0 | D:1      | Reached XP level 1. HP: 18/18 MP: 1/1
    14 | D:1      | Reached skill level 3 in Maces & Flails
   284 | D:1      | Gained mutation: You have a small tail. [demonic ancestry]
   284 | D:1      | Reached XP level 2. HP: 23/24 MP: 2/2
  1036 | D:1      | Reached XP level 3. HP: 27/29 MP: 3/3
  1359 | D:2      | Reached skill level 4 in Maces & Flails
  1377 | D:2      | Reached ** piety under Trog
  1613 | D:2      | Gained mutation: Spells you cast may paralyse adjacent
                  | enemies. [demonic ancestry]
  1613 | D:2      | Reached XP level 4. HP: 34/35 MP: 4/4
  1873 | D:2      | You fall into a shaft and drop 1 floor!
  2039 | D:3      | HP: 2/52 [frilled lizard (3)]
  2040 | D:3      | Succumbed to a kobold's poison

Illustrated notes

Levels and vault maps discovered:
D:1:      scummos_arrival_simple_fountains, layout_basic
D:2:      layout_rooms
D:3:      wad_lake_hut, layout_rooms, lemuel_round_altar, tgw_sif,
          minmay_stone_trees_medium

Skill      XL: |  1  2  3 |
---------------+----------+-----
Maces & Flails | 3 4 |  4.7
Fighting       | |  3.0
Armour         | |  1.7
Dodging        | |  1.7

Action                   |  1- 3 |  4- 6 || total
-------------------------+-------+-------++-------
Melee: Mace              |    99 |    26 ||   125
       Tailslap          |    11 |     3 ||    14
Invok: Berserk           |     1 |     1 ||     2
Armor: Animal skin       |    20 |    10 ||    30
Dodge: Dodged            |    70 |    23 ||    93

Table legend: (Time is in decaauts)
 A = Elapsed time spent in this place.
 B = Non-inter-level travel time spent in this place.
 C = Inter-level travel time spent in this place.
 D = Time resting spent in this place.
 E = Time spent auto-exploring this place.
 F = Levels seen in this place.
 G = Mean time per level.
                   A        B        C        D        E       F      G
               +--------+--------+--------+--------+--------+-----+--------+
         Total |   2073 |   2068 |      5 |    957 |    717 |   3 |  691.0 |
       Dungeon |   2073 |   2068 |      5 |    957 |    717 |   3 |  691.0 |
               +--------+--------+--------+--------+--------+-----+--------+

Top non-repeatable levels by time:
     D:1: 1359 daAuts
     D:2: 545 daAuts
     D:3: 168 daAuts
